AoeStats
← lyonnais--86

Arena

510190953Analyzed
4v4 RM · 2d ago on Sep 29, 2026· 49m 22s· 8 players
Game mode
Random Map
Map size
Large (8 player)
Population
200
Speed
Normal
Resources
Standard
Victory
Conquest
Starting age
Dark Age
Ending age
Imperial Age
RankedLock teamsTeams togetherTeam positionsShared explorationLock speedFull tech treeHidden civsTurbo modeCheats
Victory
Defeat
🇫🇷 Japanese · France
969
+15
🇧🇷 Chinese · Brazil
966
+15
🇫🇷 Burgundians · France
965
+15
🇹🇷 Spanish · Türkiye
962
+15
🇺🇸 Franks · United States
1007
-17
🇵🇪 Teutons · Peru
990
-17
🇷🇴 Slavs · Romania
930
-14
🇬🇧 Portuguese · United Kingdom
873
-12
razors-38i
7:04 Double-Bit Axe
11:31 Feudal Age
15:11 Castle Age
12:57 Horse Collar
14:04 Bow Saw
15:15 Wheelbarrow
17:12 Wheelbarrow
20:13 Hand Cart
25:44 Heavy Plow
26:50 Two-Man Saw
29:29 Imperial Age
27:15 Loom
28:33 Scale Barding Armor
28:39 Forging
27:52 Cavalier
28:34 Husbandry
27:57 Pikeman
28:38 Squires
28:24 Arson
28:42 Treadmill Crane
29:24 Ballistics
29:19 Masonry
29:20 Fortified Wall
29:46 Crop Rotation
29:16 Gold Mining
29:17 Stone Mining
30:28 Padded Archer Armor
31:04 Iron Casting
30:50 Chain Barding Armor
30:31 Scale Mail Armor
31:41 Chemistry
32:42 Paladin
34:44 Blast Furnace
34:10 Conscription
34:49 Plate Barding Armor
34:41 Halberdier
35:39 Chain Mail Armor
35:41 Leather Archer Armor
39:10 Gold Shaft Mining
39:10 Stone Shaft Mining
39:23 Plate Mail Armor
38:44 Fletching
39:52 Architecture
40:48 Burgundian Vineyards
44:35 Bodkin Arrow
48:40 Illumination
48:44 Bracer
lyonnais--86
11:26 Feudal Age
15:23 Castle Age
14:51 Double-Bit Axe
14:49 Horse Collar
15:02 Gold Mining
19:08 Arson
19:43 Scale Mail Armor
34:33 Loom
40:22 Chain Mail Armor
40:20 Forging
42:07 Squires
41:54 Gambesons
42:55 Iron Casting
43:09 Wheelbarrow
46:11 Imperial Age
43:30 Town Watch
44:26 Hand Cart
48:10 Plate Mail Armor
48:53 Blast Furnace
48:36 Conscription
[JRA] MELITIAN
11:28 Feudal Age
13:36 Stone Mining
13:42 Stone Mining
13:41 Double-Bit Axe
17:08 Gold Mining
17:30 Scale Barding Armor
19:37 Castle Age
17:44 Horse Collar
18:43 Padded Archer Armor
18:57 Forging
21:52 Husbandry
23:03 Bloodlines
29:28 Wheelbarrow
29:38 Loom
31:11 Stone Shaft Mining
31:15 Chain Barding Armor
31:11 Leather Archer Armor
31:24 Bow Saw
35:46 Imperial Age
35:02 Hand Cart
35:41 Iron Casting
35:57 Cavalier
39:52 Two-Man Saw
38:40 Elite Conquistador
41:18 Paladin
43:09 Plate Barding Armor
43:35 Blast Furnace
42:42 Heavy Plow
42:46 Scale Mail Armor
Auditor
0:29 Loom
11:27 Feudal Age
11:52 Horse Collar
12:00 Double-Bit Axe
19:47 Castle Age
19:15 Gold Mining
20:13 Wheelbarrow
19:23 Town Watch
21:14 Bow Saw
21:06 Heavy Plow
22:37 Gold Shaft Mining
22:17 Scale Mail Armor
22:11 Pikeman
22:52 Squires
22:38 Arson
24:23 Hand Cart
24:54 Man-at-Arms
25:54 Chain Mail Armor
27:55 Forging
27:18 Long Swordsman
28:26 Thumb Ring
30:42 Padded Archer Armor
30:35 Fletching
31:42 Iron Casting
33:01 Elite Skirmisher
34:09 Leather Archer Armor
33:51 Bodkin Arrow
41:04 Imperial Age
41:24 Husbandry
41:37 Bloodlines
40:49 Light Cavalry
41:15 Elite Fire Lancer
42:58 Plate Mail Armor
42:34 Scale Barding Armor
43:31 Blast Furnace
43:03 Ring Archer Armor
42:33 Bracer
John Wayne
0:33 Loom
13:19 Feudal Age
14:40 Wheelbarrow
13:53 Double-Bit Axe
14:01 Gold Mining
14:14 Stone Mining
21:21 Castle Age
20:28 Forging
20:24 Scale Barding Armor
20:35 Padded Archer Armor
22:27 Hand Cart
23:47 Gold Shaft Mining
23:28 Bow Saw
dpiddock77
0:32 Loom
12:26 Feudal Age
16:09 Wheelbarrow
18:20 Castle Age
17:40 Double-Bit Axe
17:37 Horse Collar
19:46 Hand Cart
20:56 Bow Saw
23:27 Pikeman
35:07 Murder Holes
35:24 Fortified Wall
40:06 Imperial Age
38:01 Heavy Plow
39:31 Padded Archer Armor
39:36 Scale Barding Armor
39:42 Forging
39:22 Fletching
39:35 Scale Mail Armor
39:42 Stone Mining
42:07 Town Watch
41:57 Halberdier
44:55 Onager
46:09 Onager
Veni Vidi Avicii 2
5:43 Loom
11:45 Feudal Age
14:41 Horse Collar
14:55 Double-Bit Axe
19:26 Castle Age
17:51 Stone Mining
18:49 Wheelbarrow
18:05 Town Watch
21:39 Heavy Plow
25:51 Gold Mining
29:19 Gold Shaft Mining
29:26 Forging
29:16 Scale Mail Armor
29:33 Man-at-Arms
29:34 Pikeman
30:14 Squires
31:09 Fortified Wall
30:55 Murder Holes
31:15 Long Swordsman
35:08 Imperial Age
32:58 Hand Cart
33:54 Iron Casting
33:19 Scale Mail Armor
34:49 Scale Barding Armor
35:15 Halberdier
36:59 Blast Furnace
36:15 Chain Mail Armor
36:17 Bow Saw
36:38 Crop Rotation
35:35 Two-Handed Swordsman
37:23 Champion
38:41 Plate Mail Armor
39:19 Chain Barding Armor
40:21 Coinage
40:54 Elite Skirmisher
41:27 Fletching
42:05 Ballistics
42:46 Chemistry
42:49 Banking
42:30 Light Cavalry
43:21 Bloodlines
43:11 Husbandry
42:33 Cavalier
45:29 Conscription
45:10 Druzhina
45:10 Detinets
JACK SPARROW
7:46 Loom
10:23 Feudal Age
16:11 Castle Age
14:11 Double-Bit Axe
14:33 Horse Collar
17:38 Bow Saw
21:43 Heavy Plow
28:38 Forging
28:33 Scale Barding Armor
32:34 Imperial Age
32:07 Iron Casting
31:52 Chain Barding Armor
32:37 Wheelbarrow
32:43 Wheelbarrow
31:55 Town Watch
34:35 Blast Furnace
34:59 Cavalier
Connection lost

Rejoining the realm…

Still unreachable

The connection could not be restored.

Session expired

The server has moved on; the page needs a fresh start.